 Dungeon Crawl Stone Soup version 0.26.1-11-gd32895ea62 (webtiles) character file.

Game seed: 3376948492092671091

174 vvl the Skirmisher (level 5, -2/49 HPs)
             Began as a Naga Fighter on June 9, 2021.
             Slain by Duvessa
             ... wielding a +0 short sword
              (11 damage)
             ... on level 3 of the Dungeon.
             The game lasted 00:08:01 (3099 turns).

vvl the Skirmisher (Naga Fighter)                   Turns: 3099, Time: 00:08:02

Health: -2/49      AC:  7    Str: 20    XL:     5   Next: 54%
Magic:  5/6        EV:  6    Int:  8    God:
Gold:   122        SH:  9    Dex: 10    Spells: 4/4 levels left

rFire    . . .     SeeInvis +   q - +0 whip (venom)
rCold    . . .     Faith    .   c - +0 kite shield
rNeg     . . .     Spirit   .   b - +0 scale mail
rPois    +         Reflect  .   j - +1 hat
rElec    .         Harm     .   (no cloak)
rCorr    .         Rampage  .   i - +0 pair of gloves
Will     .....                  (no barding)
Stlth    ..........             (no amulet)
HPRegen  0.16/turn              (no ring)
MPRegen  0.10/turn              (no ring)

@: mighty, short of breath, flying, very slow
A: large, see invisible, deformed body, poison resistance, slowness 2, spit
poison 1, AC +1
a: Spit Poison


You were on level 3 of the Dungeon.
You visited 1 branch of the dungeon, and saw 4 of its levels.

You collected 122 gold pieces.

Inventory:

Hand Weapons
 a - a +0 long sword
 q - a +0 whip of venom (weapon)
Armour
 b - a +0 scale mail (worn)
 c - a +0 kite shield (worn)
 g - a +0 helmet
 i - a +0 pair of gloves (worn)
 j - a +1 hat (worn)
Jewellery
 n - an uncursed ring of protection from cold {unknown}
Scrolls
 e - a scroll of immolation {unknown}
 f - 5 scrolls of teleportation {unknown}
 h - 6 scrolls of identify {unknown}
 k - 2 scrolls of remove curse {unknown}
 m - a scroll of fear {unknown}
 p - 2 scrolls of magic mapping {unknown}
 r - a scroll of enchant armour {unknown}
Potions
 d - a potion of might


   Skills:
 + Level 3.5 Fighting
 * Level 3.3 Long Blades
 + Level 2.9 Armour
 + Level 1.3 Dodging
 + Level 2.9 Shields
 + Level 1.2 Poison Magic
 + Level 1.3 Invocations


You had 4 spell levels left.
You didn't know any spells.
Your spell library was empty.

Dungeon Overview and Level Annotations

Branches:
Dungeon (4/15)
 Temple: D:4-7

Altars:
Elyvilon
Ru

Annotations:
D:3 Dowan, Duvessa


Innate Abilities, Weirdness & Mutations

You cannot wear boots.
Your serpentine skin is tough. (AC +1)
You have supernaturally acute eyesight. (SInv)
Armour fits poorly on your strangely shaped body.
Your system is resistant to poisons. (rPois)
You cover ground very slowly.
You can spit poison.


Message History

The adder barely misses you.
You closely miss the adder.
The adder is lightly wounded.
You feel sick. You block the adder's attack. The adder barely misses you.
It was a potion of curing.
You feel better. You block the adder's attack.
Press: ? - help, Shift-Dir - straight line, f - adder
Aim: an adder (lightly wounded)
The splash of poison hits the adder!
The adder is poisoned.
You kill the adder!
Duvessa hits you with a +0 short sword!
* * * LOW HITPOINT WARNING * * *
You hit Duvessa.
Duvessa is poisoned.
Duvessa is lightly wounded.
Duvessa hits you but does no damage.
Dowan mumbles some strange words.
Dowan blinks!
You block Duvessa's attack.
You barely miss Duvessa.
Duvessa is lightly wounded.
Duvessa hits you with a +0 short sword!
You die...

## ##...####...###.#
#.# .#
##.....##.....##.#
#.# .#
#........)....>#.#
#.# .#
#................#
##.## .#
#....).........###
#...#
.######..>..##....e##
#...#
...........####...##
#...# ########..##
##e## ###.# #..#
#@### #.# ### #..#
#...# #.# ..# #..#
###.# #.# #.######..#
#.# #†#
#.........########.#
#.#
#####..............#
#.#
..>...##.#########.#
#.# ########.# #.#
#.# #.# #.# #.#


You could see Duvessa (fast, very poisoned) and Dowan.

Vanquished Creatures
  9 adders
  An ooze (D:2)
  2 worms
  4 dart slugs
  A leopard gecko (D:2)
  6 orcs (D:3)
  A ball python (D:2)
  7 bats
  7 giant cockroaches
  2 goblins (D:1)
  7 hobgoblins
  5 jackals (D:1)
  9 kobolds
  2 frilled lizards (D:1)
  5 rats
68 creatures vanquished.

Notes
Turn   | Place    | Note
-------+----------+-------------------------------------------
     0 | D:1      | vvl the Naga Fighter began the quest for the Orb.
     0 | D:1      | Reached XP level 1. HP: 21/21 MP: 1/1
    35 | D:1      | Reached XP level 2. HP: 5/28 MP: 2/2
   942 | D:1      | Reached XP level 3. HP: 33/34 MP: 3/3
  1505 | D:2      | Reached XP level 4. HP: 26/42 MP: 4/4
  1917 | D:2      | Reached skill level 1 in Dodging
  1968 | D:2      | Found a sacrificial altar of Ru.
  2108 | D:2      | Found a white marble altar of Elyvilon.
  2325 | D:3      | Reached skill level 1 in Invocations
  2338 | D:3      | Reached skill level 1 in Poison Magic
  2355 | D:3      | Reached XP level 5. HP: 49/49 MP: 5/5
  3065 | D:4      | Noticed Dowan
  3067 | D:4      | Noticed Duvessa
  3099 | D:3      | Slain by Duvessa

Illustrated notes

Levels and vault maps discovered:
D:1:      tarquinn_simple_flora_water_f, layout_basic, nrook_loot_triangle,
          minmay_close_crescents
D:2:      layout_basic, lemuel_round_altar, lemuel_doored_altar
D:3:      layout_loops_ring
D:4:      layout_basic, lemuel_crystal_altar, lemuel_round_altar,
          grunt_ministairs_6, minmay_misc_feat_plants,
          amcnicky_mini_rare_corridor_liquid, serial_park_tiny_2,
          uniq_crazy_yiuf_cottage, uniq_duvessa

Skill      XL: |  1  2  3  4 |
---------------+-------------+-----
Long Blades    | 3 |  3.3
Dodging        | 1 |  1.3
Invocations    | 1 |  1.3
Poison Magic   | 1 |  1.2
Fighting       | |  3.5
Armour         | |  2.9
Shields        | |  2.9

Action                   |  1- 3 |  4- 6 || total
-------------------------+-------+-------++-------
Melee: Long sword        |   109 |    70 ||   179
       Whip              |       |    63 ||    63
 Abil: Spit Poison       |     2 |     3 ||     5
  Use: Potion            |       |     3 ||     3
Armor: Scale mail        |    61 |    69 ||   130
Dodge: Dodged            |    14 |    38 ||    52
Block: Kite shield       |    58 |    77 ||   135
       Rpst.: Long sword |     5 |     2 ||     7
